[Event "Sautron op 13th"]
[Site "Sautron"]
[Date "2013.11.01"]
[Round "8"]
[White "Terrieux, Kevin"]
[Black "Lagarde, Maxime"]
[Result "1/2-1/2"]
[ECO "A88"]
[WhiteElo "2415"]
[BlackElo "2523"]
[Annotator "RR"]
[PlyCount "89"]
[EventDate "2013.10.26"]
[EventType "swiss"]
[EventRounds "9"]
[EventCountry "FRA"]
[SourceTitle "EXT 2016"]
[Source "ChessBase"]
[SourceDate "2015.10.08"]
[SourceVersion "1"]
[SourceVersionDate "2015.10.08"]
[SourceQuality "1"]
[TimeControl "40/5400+30:1800+30"]
[WhiteClock "1:30:00"]
[BlackClock "1:30:00"]

1. d4 f5 {[%emt 0:05:54] Avec un mauvais départage, le GMI
doit jouer pour le gain} 2. g3 Nf6 3. Bg2 d6 (3... e6 4. c4 c6 5. Nf3 d5 6. O-O Bd6 7.
Qc2 O-O 8. Nc3 Ne4 (8... dxc4 9. e4 $13) (8... Bd7 9. Rb1 Be8 10. Ng5 Qd7 11.
Qb3 Bh5 12. Re1 Na6 13. c5 Be7 14. Nf3 b6 15. Ne5 Qb7 16. Bf4 $14) 9. Rb1 Qe7 (
9... Nd7 10. b4 Nxc3 11. Qxc3 b5 12. Bg5 $14) 10. b4 Bd7 11. b5 Nxc3 12. Qxc3
$14) (3... g6) 4. Nf3 g6 5. O-O (5. b3 Bg7 6. Bb2 $14 ) 5... Bg7 6. c4 O-O 7. Nc3 c6 8. d5 e5 9. dxe6 Bxe6 10. b3 (10. Qd3) 10... Ne4 11. Nxe4 $1 (11. Nd4 Bf7 12. Rb1 Re8 13. Bb2 Nd7 14. Nc2 Ndf6
15. Ne3 a5 16. a4 Qe7 17. Qd2 Red8 18. Rfd1 d5 19. cxd5 Bxd5 20. Ncxd5 Nxd5 {
1-0 (20) Agdestein,S (2570)-Nakamura,H (2741) Oslo 2010}) 11... fxe4 (11... Bxa1 12. Nxd6 Qd7 13. Ng5 $44 {Plaskett,J (2440)-Vincent,S 
(2200) Paris op 1983 (3) 1-0}) 12. Nd4 Bf7 13. Bxe4 d5 $146 (13... Qe7 14. Bg2 c5 15.
Nc2 Bxa1 16. Nxa1 Nc6 17. Nc2 Qe5 18. Qd2 Rae8 19. e3 a6 20. f4 Qf6 21. Ne1 Qe7
22. Nd3 Be6 23. Nf2 Rd8 24. Bb2 Kf7 25. Ne4 Ke8 26. Rd1 Bg4 27. Rc1 Be6 28. Nc3
Rd7 29. Nd5 Qd8 30. Rd1 Bg4 31. Re1 Be6 32. e4 Nd4 33. b4 Kf7 34. Bxd4 Bxd5 35.
cxd5 cxd4 36. Bh3 Rc7 37. Qxd4 Qe7 38. Be6+ Ke8 39. a4 Rf6 40. e5 Rxe6 41. dxe6
dxe5 42. Rxe5 {1-0 (42) Masarik,D (2337)-Chiricuta,M (2204) ICCF email 2010})
14. cxd5 Re8 15. Bf3 Bxd5 16. Rb1 Na6 17. Bb2 Nc5 18. e3 Ne4 19.
Bg2 Qa5 20. a3 Rad8 $132 {
[%emt 0:02:55] Les pièces Noires sont trés actives} 21. b4 Qb6 22. Qc2 a5 23. Nf3 (23. Ne2 Bxb2 24. Rxb2) 23... Bxb2 24. Rxb2 axb4 25. axb4 Nd6 26. Nd2 Qb5 27. Bxd5+ cxd5 28. Qc5 Qd3 29. Qc2 Qb5 30. Qb3 Rc8 31. Rd1 Red8 32. Ra2 Nc4 33. Rc2 (
33. Nf3 ) 33... Ne5 34. Rxc8 Rxc8 35. e4 Rd8 36. Nf3 Nxf3+ 37. Qxf3 Qxb4 38. exd5 Qd6 39. h4 b5 40. Qb3 (40. h5) 40... b4 41. h5 gxh5 42. Rd4 Rb8 43. Rf4 Rd8 44. Rf5 Rf8 45. Rxh5 1/2-1/2